 Dungeon Crawl Stone Soup version 0.27-a0-1065-ge809cff456 (webtiles) character file.

Game seed: 9173085194559385908

21905 rageheart7 the Fighter (level 12, -14/103 HPs)
             Began as a Mummy Fighter on Apr 23, 2021.
             Was an Initiate of Gozag.
             Demolished by a two-headed ogre
             ... wielding a +0 giant spiked club
              (22 damage)
             ... on level 12 of the Dungeon.
             The game lasted 00:28:40 (12849 turns).

rageheart7 the Fighter (Mummy Fighter)             Turns: 12849, Time: 00:28:41

Health: -14/103    AC: 13    Str: 23    XL:     12   Next: 58%
Magic:  12/12      EV: 10    Int: 14    God:    Gozag
Gold:   1092       SH: 12    Dex:  9    Spells: 11/11 levels left

rFire    + . .     SeeInvis .   d - +3 flail (protect)
rCold    + + +     Faith    .   f - +2 shield of Resistance {rF++ rC++ Will++}
rNeg     + + +     Spirit   .   c - +3 leather armour "Xeucw" {Dex-3 Slay+4}
rPois    ∞         Reflect  .   t - +0 helmet
rElec    .         Harm     .   k - +0 cloak
rCorr    .         Rampage  .   q - +2 pair of gloves
Will     +++..                  x - +0 pair of boots
Stlth    +.........             e - amulet of regeneration
HPRegen  1.27/turn              h - +6 ring of intelligence
MPRegen  0.13/turn              (no ring)

@: gold aura
A: cold resistance 1, negative energy resistance 3, torment resistance 2,
unbreathing 1, heat vulnerability 1, no potions
a: Renounce Religion, Potion Petition, Call Merchant, Bribe Branch


You were on level 12 of the Dungeon.
You worshipped Gozag.
Gozag was most pleased with you.
You visited 4 branches of the dungeon, and saw 16 of its levels.
You visited the Abyss 1 time.

You collected 2871 gold pieces.
You paid 1779 gold pieces to Gozag.

Inventory:

Hand Weapons
 d - a +3 flail of protection (weapon)
 o - a +1 whip of distortion
 s - a +3 morningstar
Armour
 c - the +3 leather armour "Xeucw" (worn) {Dex-3 Slay+4}
   (You found it on level 2 of the Abyss)

   It affects your dexterity (-3).
   It affects your accuracy and damage with ranged weapons and melee attacks
   (+4).
 f - the +2 shield of Resistance (worn) {rF++ rC++ Will++}
   (You acquired it on level 8 of the Dungeon)

   It greatly protects you from fire.
   It greatly protects you from cold.
   It greatly increases your willpower.
 k - a +0 cloak (worn)
 q - a +2 pair of gloves (worn)
 t - a +0 helmet (worn)
 x - a +0 pair of boots (worn)
Jewellery
 e - an amulet of regeneration (around neck)
 h - a +6 ring of intelligence (left hand)
 j - a ring of protection from cold
 r - a ring of fire
Wands
 a - a wand of charming (13)
 u - a wand of iceblast (9)
Scrolls
 b - 3 scrolls of identify
 g - 2 scrolls of silence
 i - a scroll of fear
 l - 2 scrolls of enchant armour
 m - 2 scrolls of vulnerability
 p - 4 scrolls of enchant weapon
 v - 3 scrolls of teleportation
 w - a scroll of holy word {unknown}
 y - a scroll of torment


   Skills:
 - Level 12.8 Fighting
 * Level 12.2 Maces & Flails
 + Level 4.9 Armour
 + Level 4.0 Dodging
 + Level 4.9 Shields


You had 11 spell levels left.
You didn't know any spells.
Your spell library contained the following spells:

 Spells                   Type           Power      Damage    Failure   Level
 Confusing Touch          Hex            0%         N/A       98%         3
 Gell's Gravitas          Tloc           0%         N/A       98%         3
 Petrify                  Tmut/Erth      0%         N/A       100%        4
 Metabolic Englaciation   Hex/Ice        0%         N/A       100%        5
 Yara's Violent Unravell  Hex/Tmut       0%         3d3       100%        5


Dungeon Overview and Level Annotations

Branches:
Dungeon (12/15)            Temple (1/1) D:7            Lair (1/6) D:10
    Orc (2/2) D:9             Elf (0/3) Orc:2

Altars:
Ashenzari
Cheibriados
Dithmenos
Elyvilon
Fedhas
Gozag
Hepliaklqana
Kikubaaqudgha
Makhleb
Nemelex Xobeh
Okawaru
Qazlal
Ru
Sif Muna
Trog
Uskayaw
Vehumet
Wu Jian
Xom
Yredelemnul
Zin
The Shining One

Annotations:
Abyss:1 kd29's ghost, novice DrTm


Innate Abilities, Weirdness & Mutations

You are immune to poison.
Your flesh is cold resistant. (rC+)
You are immune to negative energy. (rN+++)
You are immune to unholy pain and torment.
You can survive without breathing.
You are vulnerable to heat. (rF-)
You do not drink.


Message History

* * * LOW HITPOINT WARNING * * *
The two-headed ogre barely misses you.
Things that are here:
19 gold pieces; a +3 vorpal shortbow; 4 arrows The centaur becomes distracted by the nearby gold, dreaming of imaginary riches.
The centaur is no longer distracted by gold.
Throw: 3 darts (curare)
Press: ? - help, Q - select action, (/) - cycle Shift-Dir - straight line, f - two-headed ogre
Aim: a two-headed ogre, wielding a +0 giant spiked club and a +0 giant club (heavily wounded, 79% to hit)
You throw a curare-tipped dart.
The curare-tipped dart closely misses the two-headed ogre.
The curare-tipped dart hits the centaur.
The centaur is poisoned.
The centaur convulses.
The centaur seems to slow down.
The centaur is heavily wounded.
The two-headed ogre hits you with a +0 giant spiked club.
* * * LOW HITPOINT WARNING * * *
The two-headed ogre barely misses you.
Throw: 2 darts (curare)
Press: ? - help, Q - select action, (/) - cycle Shift-Dir - straight line, f/p - two-headed ogre
Aim: a two-headed ogre, wielding a +0 giant spiked club and a +0 giant club (heavily wounded, 79% to hit)
You throw a curare-tipped dart.
The curare-tipped dart closely misses the two-headed ogre.
The curare-tipped dart barely misses the centaur.
The curare-tipped dart completely misses the cyclops.
The two-headed ogre hits you with a +0 giant spiked club!
* * * LOW HITPOINT WARNING * * *
The two-headed ogre barely misses you.
Throw: dart (curare)
Press: ? - help, Q - select action, (/) - cycle Shift-Dir - straight line, f/p - two-headed ogre
Aim: a two-headed ogre, wielding a +0 giant spiked club and a +0 giant club (heavily wounded, 79% to hit)
You throw a curare-tipped dart.
The curare-tipped dart hits the two-headed ogre.
The two-headed ogre is poisoned.
The two-headed ogre convulses.
The two-headed ogre seems to slow down.
The two-headed ogre is heavily wounded.
The two-headed ogre closely misses you.
The two-headed ogre hits you with a +0 giant club!!
You die...
Your body crumbles into a pile of gold.

.#######..# .
..........########..
.................... #
.........>.......... .#
...#########..###### ..# ...#
#..# ...# ...# #(.# .....
...#########..#########......
...............!@Oc.$C.(.....
.######..######.######.......
.# #..# #.# ....... .######.[#
#.# .......
.........######.######.........
...............................
<.........########.............
#######...########...#####...#
.....................#####....


You could see a two-headed ogre (very poisoned, slow), a cyclops and a centaur
(poisoned, slow).

Vanquished Creatures
  Josephine (Orc:2)
  A hydra (D:11)
  Erica (D:11)
  A two-headed ogre (D:9)
  4 skeletal warriors
  2 orc knights
  A cyclops (D:12)
  A manticore (D:11)
  A centaur zombie (D:10)
  An elephant (D:10)
  Maurice (Orc:2)
  2 gargoyles
  An unseen horror (D:12)
  Psyche (D:8)
  A komodo dragon (D:10)
  3 trolls
  Prince Ribbit (D:8)
  A shadow (D:10)
  4 wraiths
  2 wyverns (D:9)
  19 yaks
  A basilisk (D:10)
  Grum (D:9)
  A small abomination (D:8)
  2 steam dragons
  A large abomination (Abyss:2)
  3 vampire mosquitoes (D:12)
  A warg (D:8)
  2 acid dragons (D:11)
  19 orc warriors
  3 ice beasts (D:6)
  3 black bears
  A sky beast (D:5)
  4 wolves (D:9)
  A hornet zombie (D:8)
  A necrophage (D:7)
  5 ogres
  10 centaurs
  2 kobold brigands
  Blork the orc (D:4)
  2 bullfrogs (D:6)
  7 killer bees (D:10)
  2 water moccasin skeletons
  An electric eel (D:11)
  2 wights (D:4)
  3 howler monkeys
  A crimson imp (D:8)
  2 hounds
  A wyvern simulacrum (D:6)
  12 orc priests
  A jelly (D:5)
  A bullfrog skeleton (D:7)
  3 iguanas (D:5)
  8 orc wizards
  2 killer bee zombies
  A bullfrog simulacrum (D:6)
  A centaur simulacrum (D:6)
  A hound skeleton (D:4)
  2 howler monkey zombies
  4 adders
  3 white imps
  2 ufetubi
  2 worms
  The ghost of barkas the Sneak, a weakling NaDe (D:5)
  2 dart slugs
  77 orcs
  4 ball pythons
  5 endoplasms
  5 giant cockroaches
  4 goblins
  6 hobgoblins
  7 jackals
  3 quokkas
  4 bats
  A frilled lizard (D:3)
  A jackal skeleton (D:4)
  14 kobolds
  A rat (D:2)
311 creatures vanquished.

Vanquished Creatures (others)
  A quokka (D:10)
  A plant (D:10)
  3 starspawn tentacles (Abyss:2)
  2 withered plants (D:5)
7 creatures vanquished.

Grand Total: 318 creatures vanquished

Notes
Turn   | Place    | Note
-------+----------+-------------------------------------------
     0 | D:1      | rageheart7 the Mummy Fighter began the quest for the Orb.
     0 | D:1      | Reached XP level 1. HP: 18/18 MP: 1/1
   527 | D:1      | Reached XP level 2. HP: 16/24 MP: 2/2
   893 | D:1      | You fall into a shaft and drop 1 floor!
  1513 | D:2      | Reached XP level 3. HP: 24/30 MP: 3/3
  1880 | D:2      | Found a hazy altar of Hepliaklqana.
  2101 | D:3      | Reached XP level 4. HP: 37/37 MP: 4/4
  2320 | D:3      | Found a blossoming altar of Fedhas.
  2324 | D:3      | Found an ancient bone altar of Kikubaaqudgha.
  2548 | D:4      | Noticed an ogre
  2554 | D:4      | Killed an ogre
  2555 | D:4      | Reached XP level 5. HP: 27/43 MP: 5/5
  2670 | D:4      | Noticed Blork the orc
  2677 | D:4      | Killed Blork the orc
  2678 | D:4      | Reached skill level 5 in Fighting
  2752 | D:4      | Reached XP level 6. HP: 51/51 MP: 6/6
  3092 | D:4      | Found a hide-covered altar of Uskayaw.
  3141 | D:4      | You fall into a shaft and drop 2 floors!
  3141 | D:6      | Found a runed translucent gate.
  3141 | D:6      | Found a runed translucent gate.
  3141 | D:6      | Found a runed translucent gate.
  3165 | D:6      | Noticed an ice beast
  3165 | D:6      | Noticed an ice beast
  3180 | D:6      | Noticed kd29's ghost (novice DrTm)
  3184 | D:6      | Noticed an ice beast
  3220 | D:6      | Reached XP level 7. HP: 58/58 MP: 7/7
  3237 | D:5      | Entered Level 5 of the Dungeon
  3256 | D:5      | Found an iron altar of Okawaru.
  3531 | D:4      | Found a hazy altar of Hepliaklqana.
  3531 | D:4      | Found a bloodstained altar of Trog.
  3576 | D:4      | Reached skill level 5 in Maces & Flails
  4178 | D:5      | Found a runed translucent door.
  4179 | D:5      | Noticed barkas's ghost (weakling NaDe)
  4332 | D:5      | Reached XP level 8. HP: 67/67 MP: 8/8
  4509 | D:5      | Killed barkas's ghost
  5126 | D:6      | Banished kd29's ghost
  5127 | D:6      | Reached XP level 9. HP: 47/76 MP: 9/9
  5357 | D:7      | Found a shadowy altar of Dithmenos.
  5415 | D:7      | Found a sacrificial altar of Ru.
  5512 | D:7      | Found a staircase to the Ecumenical Temple.
  5589 | Temple   | Entered the Ecumenical Temple
  5802 | Temple   | Became a worshipper of Gozag Ym Sagoz the Greedy
  5854 | D:7      | Found a basalt altar of Yredelemnul.
  6148 | D:8      | Noticed Psyche
  6163 | D:8      | Killed Psyche
  6243 | D:8      | Identified a scroll of acquirement
  6248 | D:8      | Acquired the +2 shield of Resistance {rF++ rC++ Will++}
  6249 | D:8      | Found the +2 shield of Resistance {rF++ rC++ Will++}
  6261 | D:8      | Cast into level 2 of the Abyss (unwielding a weapon of
                  | distortion)
  6280 | Abyss:2  | Noticed a starcursed mass
  6303 | Abyss:2  | Identified the +3 leather armour "Xeucw" {Dex-3 Slay+4}
  6312 | Abyss:2  | Paralysed by accursed screaming for 1 turns
  6317 | Abyss:2  | Noticed a tentacled starspawn
  6321 | Abyss:2  | Noticed a wretched star
  6368 | Abyss:2  | Found a corrupted altar of Lugonu.
  6392 | Abyss:2  | Reached skill level 10 in Fighting
  6437 | Abyss:2  | Noticed a starcursed mass
  6441 | Abyss:2  | Noticed a green death
  6449 | Abyss:2  | Noticed a wretched star
  6463 | Abyss:2  | Found a bloodstained altar of Trog.
  6476 | D:8      | Escaped the Abyss
  6517 | D:8      | Noticed Prince Ribbit
  6537 | D:8      | Killed Prince Ribbit
  6841 | D:8      | Found a burning altar of Makhleb.
  6846 | D:8      | Reached XP level 10. HP: 75/86 MP: 10/10
  6861 | D:8      | Found a shimmering altar of Xom.
  7063 | D:9      | Noticed Grum
  7181 | D:9      | Found a shimmering blue altar of Sif Muna.
  7188 | D:9      | Killed Grum
  7311 | D:9      | Found a staircase to the Orcish Mines.
  7786 | D:9      | Noticed a two-headed ogre
  7792 | D:9      | Killed a two-headed ogre
  7793 | D:9      | Reached skill level 10 in Maces & Flails
  8014 | D:10     | Entered Level 10 of the Dungeon
  8113 | D:10     | Found a staircase to the Lair.
  8113 | D:10     | Noticed an elephant
  8155 | Orc:1    | Entered Level 1 of the Orcish Mines
  8184 | Orc:1    | Reached XP level 11. HP: 89/95 MP: 11/11
  9202 | D:11     | HP: 3/97 [manticore (9)]
  9214 | D:11     | Noticed an eight-headed hydra
  9563 | D:11     | Noticed a skeletal warrior
  9563 | D:11     | Noticed a skeletal warrior
  9577 | D:11     | Noticed a skeletal warrior
  9577 | D:11     | Noticed a skeletal warrior
  9606 | D:11     | HP: 3/97 [skeletal warrior/+0 war axe[a skeletal warrior]
                  | (18)]
  9693 | Lair:1   | Entered Level 1 of the Lair of Beasts
  9695 | Lair:1   | Noticed a four-headed hydra
  9709 | D:10     | Reached skill level 1 in Dodging
  9789 | Orc:2    | Entered Level 2 of the Orcish Mines
  9789 | Orc:2    | Noticed Maurice
  9855 | Orc:2    | Killed Maurice
  9923 | Orc:2    | Noticed Josephine
  9978 | Orc:2    | Noticed an orc knight
  9981 | Orc:2    | Killed Josephine
  9989 | Orc:2    | Killed an orc knight
 10133 | Orc:2    | Noticed an orc knight
 10270 | Orc:1    | Killed an orc knight
 10388 | Orc:2    | Found a staircase to the Elven Halls.
 10661 | Orc:2    | Noticed a centaur warrior
 10675 | Orc:2    | HP: 1/97 [centaur warrior/arrow (23)]
 10813 | Orc:1    | Reached XP level 12. HP: 44/103 MP: 12/12
 11235 | D:11     | Killed an eight-headed hydra
 11645 | D:11     | Noticed Erica
 11708 | D:11     | Killed Erica
 12829 | D:12     | Noticed a two-headed ogre
 12849 | D:12     | Demolished by a two-headed ogre

Illustrated notes

Levels and vault maps discovered:
D:1:      scummos_arrival_gate, layout_basic
D:2:      layout_rooms, basic_altar
D:3:      layout_loops_ring, grunt_temple_overflow_growth_and_decay
D:4:      layout_layer_cave, nicolae_uskayaw_dance_hall,
          gammafunk_temple_overflow_elements, uniq_blork_the_orc
D:5:      layout_rooms, okawaru_ov_weapons_minmay, gammafunk_ghost_grave,
          minmay_checkerbox
D:6:      layout_basic, gammafunk_ghost_icy, minmay_misc_feat_secret_circle
D:7:      layout_basic, overflow_temple_1_default, nicolae_ru_awakened_eye,
          nicolae_dithmenos_shadow_blocks, minmay_temple_entry_wispy
D:8:      layout_cave_pools, grunt_temple_overflow_champion_of_chaos,
          uniq_prince_ribbit1, uniq_psyche
D:9:      layout_basic, nicolae_sif_muna_condensation, erik_orc_3, uniq_grum
D:10:     layout_roguey [special_room_orc], elyvilon_altar_4, david_lair_generic
D:11:     layout_loops_corners, fountainhead, hangedman_decor_points, uniq_erica
D:12:     lemuel_slime, layout_long_grid
Temple:   compressed_dpeg_triangle_lava_temple
Lair:1:   layout_chaotic_city, chequers_serial_rivers_room_a, grunt_megastairs_5
Orc:1:    layout_diamond_mine, lightli_orcish_oven
Orc:2:    st_orc_rangers, layout_diamond_mine, uniq_maurice, uniq_josephine,
          uniq_rupert

Skill      XL: |  1  2  3  4  5  6  7  8  9 10 11 12 |
---------------+-------------------------------------+-----
Maces & Flails | 2 3 4 5 7 8 10 11 12 | 12.2
Fighting       | 4 5 6 7 9 10 12 | 12.8
Dodging        | 2 4 |  4.0
Armour         | 3 4 |  4.9
Shields        | 3 4 |  4.9

Action                   |  1- 3 |  4- 6 |  7- 9 | 10-12 || total
-------------------------+-------+-------+-------+-------++-------
Melee: Flail             |   162 |    61 |       |   442 ||   665
       Whip              |       |    23 |   218 |       ||   241
       Morningstar       |       |       |    75 |   298 ||   373
Throw: Dart              |       |     7 |     3 |    21 ||    31
Invok: Potion Petition   |       |       |       |     3 ||     3
Evoke: Wand              |       |       |       |    25 ||    25
  Use: Scroll            |       |       |    14 |     3 ||    17
 Stab: Distracted        |       |       |     1 |     3 ||     4
Armor: Scale mail        |   100 |    49 |    85 |       ||   234
       Leather armour    |       |       |     3 |   289 ||   292
Dodge: Dodged            |   100 |    45 |    95 |   234 ||   474
Block: Kite shield       |       |       |    45 |   488 ||   533

Table legend: (Time is in decaauts)
 A = Elapsed time spent in this place.
 B = Non-inter-level travel time spent in this place.
 C = Inter-level travel time spent in this place.
 D = Time resting spent in this place.
 E = Time spent auto-exploring this place.
 F = Levels seen in this place.
 G = Mean time per level.
                   A        B        C        D        E       F      G
               +--------+--------+--------+--------+--------+-----+--------+
         Total |  12999 |  12431 |    568 |     36 |   9140 |  17 |  764.6 |
       Dungeon |  10994 |  10518 |    476 |      0 |   8011 |  12 |  916.2 |
        Temple |    224 |    214 |     10 |      0 |    179 |   1 |  224.0 |
          Lair |      7 |      7 |      0 |      0 |      0 |   1 |    7.0 |
  Orcish Mines |   1552 |   1471 |     81 |      0 |    893 |   2 |  776.0 |
         Abyss |    219 |    219 |      0 |     36 |     57 |   1 |  219.0 |
               +--------+--------+--------+--------+--------+-----+--------+

Top non-repeatable levels by time:
    D:11: 1486 daAuts
     D:4: 1367 daAuts
    D:10: 1319 daAuts
     D:1: 1224 daAuts
     D:9: 1070 daAuts
     D:8: 818 daAuts
     D:2: 800 daAuts
   Orc:2: 796 daAuts
     D:6: 757 daAuts
   Orc:1: 756 daAuts
     D:7: 660 daAuts
     D:3: 575 daAuts
     D:5: 530 daAuts
    D:12: 383 daAuts
  Temple: 224 daAuts
